AoeStats
← flegrea44

Arena

509631540Analyzed
4v4 RM · 6d ago on Sep 27, 2026· 65m 33s· 8 players
Game mode
Random Map
Map size
Large (8 player)
Population
200
Speed
Normal
Resources
Standard
Victory
Conquest
Starting age
Dark Age
Ending age
Imperial Age
RankedLock teamsTeams togetherTeam positionsShared explorationLock speedFull tech treeHidden civsTurbo modeCheats
Victory
Defeat
🇹🇼 Britons · Taiwan
1253
+15
🇭🇰 Portuguese · Hong Kong SAR China
1234
+16
🇹🇼 Franks · Taiwan
1204
+17
🇨🇳 Armenians · China
1170
+18
🇻🇳 Varangians · Vietnam
1277
-18
🇲🇽 Khmer · Mexico
1256
-18
🇨🇱 Teutons · Chile
1205
-16
🇮🇹 Franks · Italy
1155
-14
BLABLA_8686
10:58 Feudal Age
12:21 Double-Bit Axe
14:51 Castle Age
16:12 Bow Saw
18:04 Wheelbarrow
22:45 Hand Cart
23:46 Gold Mining
25:19 Gold Shaft Mining
28:48 Imperial Age
27:02 Husbandry
27:11 Scale Barding Armor
27:16 Forging
26:52 Loom
28:04 Chain Barding Armor
29:01 Iron Casting
28:55 Cavalier
30:12 Plate Barding Armor
30:00 Conscription
30:55 Paladin
33:38 Blast Furnace
33:19 Town Watch
34:10 Caravan
35:15 Treadmill Crane
36:36 Chemistry
35:41 Siege Engineers
35:57 Ballistics
35:30 Fletching
40:15 Chivalry
44:06 Light Cavalry
54:49 Coinage
59:35 Banking
64:08 Fortified Wall
excboom
11:07 Feudal Age
11:12 Loom
11:46 Town Watch
12:39 Double-Bit Axe
15:01 Fletching
16:48 Horse Collar
lxc
10:44 Feudal Age
14:24 Castle Age
12:45 Double-Bit Axe
16:52 Horse Collar
21:37 Heavy Plow
23:23 Bow Saw
23:04 Gold Mining
23:56 Wheelbarrow
28:22 Imperial Age
25:23 Man-at-Arms
25:48 Gambesons
26:03 Squires
28:40 Imperial Age
28:52 Imperial Age
26:43 Hand Cart
26:14 Town Watch
27:06 Gold Shaft Mining
25:59 Long Swordsman
26:25 Arson
26:42 Scale Mail Armor
26:52 Forging
27:03 Forging
26:39 Two-Handed Swordsman
27:38 Chain Mail Armor
27:24 Stone Mining
28:10 Champion
28:58 Capped Ram
29:51 Siege Ram
31:24 Plate Mail Armor
33:39 Iron Casting
35:50 Fereters
36:05 Conscription
36:34 Elite Composite Bowman
38:29 Padded Archer Armor
38:19 Fletching
39:16 Ballistics
39:56 Chemistry
39:45 Leather Archer Armor
39:26 Bodkin Arrow
40:34 Blast Furnace
39:05 Heavy Scorpion
41:04 Ring Archer Armor
44:28 Coinage
43:58 Caravan
44:09 Guilds
44:02 Bracer
56:25 Banking
58:27 Pikeman
60:08 Halberdier
Able 867
10:10 Feudal Age
13:57 Castle Age
11:58 Double-Bit Axe
11:54 Horse Collar
16:20 Heavy Plow
16:31 Bow Saw
21:12 Wheelbarrow
20:27 Loom
20:46 Gold Mining
26:41 Imperial Age
24:31 Stone Mining
25:04 Hand Cart
25:13 Scale Mail Armor
26:11 Stone Shaft Mining
25:20 Pikeman
28:28 Chemistry
27:54 Halberdier
29:09 Chain Mail Armor
29:06 Forging
29:43 Elite Organ Gun
31:13 Fortified Wall
35:39 Plate Mail Armor
35:11 Murder Holes
35:55 Siege Engineers
37:59 Iron Casting
38:22 Conscription
42:31 Blast Furnace
48:23 Murder Holes
49:37 Two-Man Saw
49:51 Arquebus
52:40 Bombard Tower
52:31 Masonry
52:02 Treadmill Crane
52:43 Ballistics
58:28 Architecture
FatFizt
11:16 Feudal Age
14:05 Castle Age
12:26 Double-Bit Axe
13:18 Horse Collar
15:29 Bow Saw
15:19 Loom
17:09 Wheelbarrow
21:06 Town Watch
21:41 Heavy Plow
22:43 Gold Mining
23:32 Hand Cart
28:39 Imperial Age
25:51 Crossbowman
26:41 Fletching
27:00 Stone Mining
27:46 Gold Shaft Mining
27:37 Bodkin Arrow
27:43 Padded Archer Armor
28:16 Ballistics
29:44 Conscription
29:30 Bracer
31:17 Chemistry
30:27 Masonry
30:55 Arbalester
32:18 Stone Shaft Mining
32:19 Murder Holes
32:34 Masonry
32:13 Pikeman
34:07 Halberdier
35:07 Scale Mail Armor
35:24 Forging
36:31 Chain Mail Armor
38:46 Iron Casting
38:52 Masonry
39:18 Crop Rotation
39:06 Tusk Swords
42:33 Blast Furnace
43:59 Arson
46:04 Leather Archer Armor
47:13 Scale Barding Armor
48:23 Husbandry
48:34 Bloodlines
48:44 Guard Tower
49:25 Architecture
50:05 Keep
53:00 Elite Battle Elephant
55:51 Elite Skirmisher
57:05 Ring Archer Armor
63:14 Light Cavalry
65:30 Chain Barding Armor
64:48 Hussar
Condorito17
6:13 Loom
9:06 Feudal Age
10:11 Double-Bit Axe
11:57 Fletching
23:23 Castle Age
22:25 Horse Collar
24:27 Bodkin Arrow
29:19 Bow Saw
29:48 Wheelbarrow
32:01 Hand Cart
33:50 Heavy Plow
33:58 Gold Mining
33:58 Stone Mining
35:50 Forging
35:40 Scale Mail Armor
38:25 Imperial Age
36:28 Scale Mail Armor
36:38 Forging
37:53 Ballistics
39:15 Iron Casting
38:56 Chain Mail Armor
38:42 Padded Archer Armor
40:12 Chemistry
39:54 Elite Teutonic Knight
41:03 Town Watch
43:22 Blast Furnace
42:53 Plate Mail Armor
42:39 Leather Archer Armor
43:58 Siege Engineers
44:03 Masonry
48:19 Elite Skirmisher
51:30 Hoardings
59:09 Pikeman
59:57 Town Patrol
63:50 Ring Archer Armor
flegrea44
10:34 Feudal Age
14:39 Castle Age
12:47 Double-Bit Axe
16:33 Bow Saw
18:59 Husbandry
19:58 Gold Mining
23:25 Forging
23:25 Scale Barding Armor
26:38 Gold Shaft Mining
26:54 Wheelbarrow
26:05 Loom
26:15 Stone Mining
28:27 Iron Casting
28:13 Chain Barding Armor
29:12 Hand Cart
34:51 Imperial Age
34:56 Cavalier
36:15 Plate Barding Armor
36:40 Blast Furnace
36:36 Paladin
45:48 Caravan
50:27 Light Cavalry
51:25 Light Cavalry
NPChinh
9:19 Feudal Age
10:53 Double-Bit Axe
13:24 Castle Age
12:19 Horse Collar
16:36 Bow Saw
20:04 Loom
22:41 Heavy Plow
24:23 Stone Mining
26:30 Gold Mining
28:03 Stone Shaft Mining
29:29 Wheelbarrow
28:40 Town Watch
30:48 Hand Cart
33:10 Imperial Age
30:56 Hand Cart
30:58 Treadmill Crane
31:29 Masonry
31:32 Forging
32:18 Scale Barding Armor
33:36 Husbandry
33:47 Bloodlines
34:15 Iron Casting
34:00 Chain Barding Armor
33:40 Murder Holes
33:29 Elite Jarl
35:43 Two-Man Saw
35:15 Crop Rotation
38:14 Conscription
37:15 Gothikon
39:01 Blast Furnace
38:37 Plate Barding Armor
39:29 Coinage
39:41 Ballistics
39:52 Architecture
42:21 Chemistry
Connection lost

Rejoining the realm…

Still unreachable

The connection could not be restored.

Session expired

The server has moved on; the page needs a fresh start.